 Dungeon Crawl Stone Soup version 0.31-a0-152-g6aa68a64a1 (webtiles) character file.

Game seed: 5946466223263164632

78327 qw the Peltast (level 15, -10/96 HPs)
             Began as a Gargoyle Fighter on June 11, 2023.
             Was an Elder of Okawaru.
             Killed from afar by a frost giant (24 damage)
             ... with a bolt of cold
             ... on level 15 of the Dungeon.
             The game lasted 00:12:29 (21829 turns).

qw the Peltast (Gargoyle Fighter)                  Turns: 21829, Time: 00:12:29

Health: -10/96     AC: 45    Str: 27    XL:     15   Next: 59%
Magic:  21/22      EV: 11    Int:  9    God:    Okawaru [****..]
Gold:   288        SH: 22    Dex:  9    Spells: 14/14 levels left

rFire   . . .        j - +4 broad axe (elec)
rCold   . . .        u - +0 tower shield
rNeg    + . .        q - +0 plate armour
rPois   inf          p - +0 helmet
rElec   +            y - +2 cloak {Will+}
rCorr   .            k - +0 pair of gloves
SInv    .            b - +2 pair of boots {rampage}
Will    ++...        (no amulet)
Stlth   x              - +4 ring of protection
HPRegen 0.36/turn    f - ring of the Octopus King {Fly HP+2 AC+2 EV+2 SH+2}
MPRegen 0.18/turn

%: rampage
@: about to teleport, heroic, flying
A: sickness immunity, AC +11, big wings, negative energy resistance 1,
electricity resistance, torment resistance 1, petrification resistance
a: Renounce Religion, Heroism, Finesse


You were on level 15 of the Dungeon.
You worshipped Okawaru.
Okawaru was greatly pleased with you.
You visited 3 branches of the dungeon, and saw 21 of its levels.

You collected 1208 gold pieces.
You spent 920 gold pieces at shops.


Innate Abilities, Weirdness & Mutations

You are immune to sickness and miasma.
Your stone body is resilient. (AC +11)
You are immune to poison.
Your large and strong wings let you fly.
You resist negative energy. (rN+)
You are resistant to electric shocks. (rElec)
You are resistant to unholy torment.
You are immune to petrification.


   Skills:
 - Level 11.0(16.0) Fighting
 + Level 14.9(19.9) Axes
 - Level 4.3(9.3) Throwing
 - Level 11.0(16.0) Armour
 - Level 2.0(7.0) Dodging
 - Level 16.0(21.0) Shields
 - Level 10.0 Invocations


You had 14 spell levels left.
You didn't know any spells.
Your spell library was empty.

Inventory:

Hand Weapons
 g - a +1 flail of protection
 j - a +4 broad axe of electrocution (weapon)
 t - a -1 demon whip
Missiles
 h - 7 boomerangs
 A - 2 javelins (quivered)
Armour
 b - a +2 pair of boots of rampaging (worn)
 k - a +0 pair of gloves (worn)
 o - +0 fire dragon scales
 p - a +0 helmet (worn)
 q - a +0 plate armour (worn)
 s - +0 acid dragon scales
 u - a +0 tower shield (worn)
 w - a +2 scale mail of fire resistance
 y - a +2 cloak of willpower (worn)
Jewellery
 e - an amulet of reflection
 f - a ring of the Octopus King (right hand) {Fly HP+2 AC+2 EV+2 SH+2}
   (You found it on level 4 of the Lair of Beasts)

   [ring of flight]

   AC:        It affects your AC (+2).
   EV:        It affects your evasion (+2).
   HP:        It affects your health (+2).
   Fly:       It grants you flight.
   SH:        It affects your SH (+2).
 x - a +4 ring of protection (left hand)
 Y - a ring of protection from cold
Wands
 r - a wand of digging (13)
Scrolls
 a - 6 scrolls of identify
 c - 11 scrolls of teleportation
Potions
 d - 5 potions of might
 i - a potion of haste
 l - 2 potions of attraction
 m - a potion of resistance
 n - 5 potions of curing
 v - a potion of mutation
 z - 2 potions of heal wounds

Dungeon Overview and Level Annotations

Branches:
Dungeon (15/15)            Temple (1/1) D:4            Lair (5/5) D:8
  Swamp (0/4) Lair:3        Snake (0/4) Lair:3        Slime (0/5) Lair:5
    Orc (0/2) D:9          Vaults (0/5) D:14         Depths (0/4) D:15

Altars:
Ashenzari
Cheibriados
Dithmenos
Elyvilon
Fedhas
Gozag
Hepliaklqana
Kikubaaqudgha
Makhleb
Nemelex Xobeh
Okawaru
Qazlal
Ru
Sif Muna
Trog
Uskayaw
Vehumet
Wu Jian
Xom
Yredelemnul
Zin
The Shining One

Shops:
D:1 !   D:3 =   D:4 *   D:6 =   D:9 **([!*   D:14 [

Annotations:
D:7 1 transporter, 3 runed translucent doors, qw's ghost, novice GrFi


Message History

Enter note:
Enter note:
Enter note:
Enter note:
Enter note:
Enter note:
Enter note:
Enter note:
Enter note:
Enter note:
Enter note:
Enter note:
21823 ||| INVOKING Heroism.
You gain the combat prowess of a mighty hero.
You can no longer enter into single combat with a foe.
Okawaru will no longer gift you equipment.
You slash the frost giant!
The frost giant is lightly wounded.
The frost giant points at you and mumbles some strange words.
The bolt of cold hits you!!!
Ouch! That really hurt!
You hit the frost giant.
The frost giant is lightly wounded.
You hit the frost giant.
The frost giant is lightly wounded.
The frost giant hits you with a +2 battleaxe of freezing!
The frost giant freezes you.
You slice the frost giant!!
The frost giant is moderately wounded.
You block the frost giant's attack.
You slice the frost giant!!
The frost giant is heavily wounded.
The frost giant hits you with a +2 battleaxe of freezing!!
The frost giant freezes you.
21829 ||| READING 12 scrolls of teleportation.
As you read the scroll of teleportation, it crumbles to dust.
You feel strangely unstable.
The frost giant points at you and mumbles some strange words.
The bolt of cold hits you!!
You die...

......)..........................
#.)..............................
#...).............)....#######...
#......................#.....#...
#....................###.....#...
'....................#.......+...
#....................'.......+...
#.....############...#.......+...
......#~~....)..@#...#########...
......#~.#~~~###C#...............
......#......# ..#...............
......'.##~..+.>.#...............
#####.#......#...#..........#####
#.#~.#~~~###+#..........#....
#.#~~....... #..........#....
#.############..........#....
#....................####....


You could see a frost giant.

Vanquished Creatures
  Agnes (D:14)
  Louise (D:15)
  2 fire dragons
  3 hydras
  5 centaur warriors
  3 ogre magi
  5 boulder beetles
  A tengu warrior (D:15)
  6 death yaks (Lair:2)
  7 two-headed ogres
  A skyshark (Lair:5)
  A skeletal warrior (D:14)
  An orc knight (D:14)
  A swamp dragon (Lair:5)
  A lindwurm (Lair:5)
  A deep elf archer (D:14)
  A deep elf zephyrmancer (D:14)
  6 deep elf pyromancers
  A salamander (shapeshifter) (D:12)
  6 cyclopes
  2 manticores (D:12)
  10 ugly things
  A torpor snail (Lair:4)
  3 black mambas
  4 centaur skeletons (D:14)
  A gargoyle (D:12)
  8 cane toads
  2 rime drakes
  10 komodo dragons
  2 unseen horrors
  2 freezing wraiths (D:15)
  Psyche (D:8)
  An efreet (D:12)
  2 tengu conjurers
  3 meliai (D:15)
  3 polar bears
  11 blink frogs
  7 trolls
  5 dream sheep (Lair:5)
  5 slime creatures (D:13)
  3 vampires
  3 water elementals (D:14)
  59 yaks
  3 wraiths
  A shadow (D:12)
  6 wyverns
  12 vampire mosquitoes
  4 basilisks
  9 steam dragons
  Edmund (D:5)
  6 acid dragons
  17 water moccasins
  3 sky beasts
  9 orc warriors
  4 black bears
  6 ice beasts
  17 wolves
  2 swamp drakes (Lair:5)
  14 ogres
  A boggart (D:14)
  18 centaurs
  10 kobold brigands
  2 phantoms
  14 bullfrogs
  Blork the orc (D:5)
  3 scorpions
  7 gnoll sergeants
  12 wights
  16 killer bees
  4 howler monkeys
  13 electric eels
  4 hounds
  A jelly (D:5)
  6 orc priests
  2 gnoll boudas (D:7)
  2 sleepcaps
  10 iguanas
  3 orc wizards
  21 gnolls
  8 adders
  2 white imps
  2 ufetubi (D:5)
  A worm (D:2)
  3 dart slugs
  27 orcs
  3 ball pythons
  A bat (D:1)
  6 endoplasms
  2 giant cockroaches
  6 goblins
  7 hobgoblins
  3 quokkas
  3 frilled lizards
  16 kobolds
  A rat (D:2)
557 creatures vanquished.

Vanquished Creatures (others)
  An orc wizard (D:14)
1 creature vanquished.

Grand Total: 558 creatures vanquished

Notes
Turn   | Place    | Note
-------+----------+-------------------------------------------
     0 | D:1      | qw the Gargoyle Fighter began the quest for the Orb.
     0 | D:1      | Reached XP level 1. HP: 14/14 MP: 1/1
     0 | D:1      | 0 ||| qw: Version: 0.2-a-29-gd901d54
     0 | D:1      | 0 ||| qw: Game counter: 4027
     0 | D:1      | 0 ||| qw: Always use a shield: true
     0 | D:1      | 0 ||| qw: God list: Okawaru
     0 | D:1      | 0 ||| qw: Allow faded altars: false
     0 | D:1      | 0 ||| qw: Do Orc after D:15 true
     0 | D:1      | 0 ||| qw: Do second Lair branch before Depths: true
     0 | D:1      | 0 ||| qw: Lair rune preference: random
     0 | D:1      | 0 ||| qw: Plans: Normal, Zot:1-4, Slime:5, God:TSO, Crypt,
                  | Tomb, Abyss, Pan, Hells, Win
     0 | D:1      | 0 ||| PLANNING D:1-11
   204 | D:1      | Reached XP level 2. HP: 19/19 MP: 2/2
   260 | D:1      | Found Reettong's Distillery.
   261 | D:1      | 261 ||| Stepping ~*~*~tactically~*~*~ (stealth).
   296 | D:1      | 296 ||| BUYING potion of attraction (36 gold).
   296 | D:1      | Bought a potion of attraction for 36 gold pieces
   296 | D:1      | 296 ||| SHOPLISTING potion of curing (36 gold, have 5).
   296 | D:1      | 296 ||| SHOPLISTING potion of heal wounds (60 gold, have
                  | 5).
   296 | D:1      | 296 ||| SHOPLISTING potion of magic (96 gold, have 5).
   468 | D:1      | 468 ||| UPGRADING to ring of protection from cold.
   469 | D:1      | 469 ||| READING 2 scrolls labelled VEOWUEHIJU.
   470 | D:1      | 470 ||| READING scroll labelled COSTRE NEMATUNU.
   471 | D:1      | 471 ||| READING scroll labelled CYNGAAWYNE.
   671 | D:2      | Reached skill level 3 in Axes
   671 | D:2      | Reached XP level 3. HP: 23/23 MP: 3/3
  1025 | D:2      | Found a faded altar of an unknown god.
  1282 | D:2      | 1282 ||| Stepping ~*~*~tactically~*~*~ (hiding).
  1286 | D:2      | 1286 ||| Stepping ~*~*~tactically~*~*~ (hiding).
  1407 | D:2      | Found a basalt altar of Yredelemnul.
  1477 | D:2      | 1477 ||| READING scroll labelled CUJEXK HUOFUOQ.
  1478 | D:2      | 1478 ||| READING scroll labelled MATZER BYGEHU.
  1479 | D:2      | 1479 ||| DRINKING 2 inky potions.
  1500 | D:3      | 1500 ||| Stepping ~*~*~tactically~*~*~ (hiding).
  1504 | D:3      | 1504 ||| Stepping ~*~*~tactically~*~*~ (stealth).
  1505 | D:3      | 1505 ||| Stepping ~*~*~tactically~*~*~ (stealth).
  1517 | D:3      | Reached XP level 4. HP: 28/28 MP: 4/4
  1519 | D:3      | 1519 ||| DROPPING +0 whip.
  1539 | D:3      | 1539 ||| Stepping ~*~*~tactically~*~*~ (hiding).
  1581 | D:3      | 1581 ||| Stepping ~*~*~tactically~*~*~ (stealth).
  1588 | D:3      | 1588 ||| Stepping ~*~*~tactically~*~*~ (stealth).
  1589 | D:3      | 1589 ||| Stepping ~*~*~tactically~*~*~ (stealth).
  1700 | D:3      | Found a basalt altar of Yredelemnul.
  1742 | D:3      | Found Qiaj's Jewellery Shop.
  1747 | D:3      | 1747 ||| SHOPLISTING +6 ring of dexterity (360 gold, have
                  | 44).
  1747 | D:3      | 1747 ||| SHOPLISTING Hermit's Pendant {Faith Invo=14 Evo=0
                  | MP+5} (575 gold, have 44).
  1747 | D:3      | 1747 ||| SHOPLISTING amulet of faith (400 gold, have 44).
  1747 | D:3      | 1747 ||| SHOPLISTING amulet of reflection (300 gold, have
                  | 44).
  1747 | D:3      | 1747 ||| SHOPLISTING ring "Atzosepi" {Fire Dex+3} (383
                  | gold, have 44).
  1747 | D:3      | 1747 ||| SHOPLISTING ring of positive energy (200 gold,
                  | have 44).
  1747 | D:3      | 1747 ||| SHOPLISTING ring of willpower (250 gold, have 44).
  2000 | D:3      | 2000 ||| READING scroll labelled ZYAD NOCKIL.
  2001 | D:3      | 2001 ||| DRINKING 2 blue potions.
  2002 | D:3      | 2002 ||| DROPPING potion of enlightenment.
  2020 | D:4      | Found Icaunafu's Gadget Gallery.
  2023 | D:4      | 2023 ||| Stepping ~*~*~tactically~*~*~ (hiding).
  2024 | D:4      | 2024 ||| Stepping ~*~*~tactically~*~*~ (hiding).
  2049 | D:4      | 2049 ||| Stepping ~*~*~tactically~*~*~ (stealth).
  2131 | D:4      | Noticed an ogre
  2138 | D:4      | Killed an ogre
  2139 | D:4      | Reached XP level 5. HP: 32/32 MP: 5/5
  2292 | D:4      | 2292 ||| DROPPING +0 mace.
  2347 | D:4      | 2347 ||| Stepping ~*~*~tactically~*~*~ (stealth).
  2360 | D:4      | HP: 7/33 [gnoll/+0 spear (3)]
  2361 | D:4      | Reached XP level 6. HP: 8/38 MP: 6/6
  2365 | D:4      | Reached skill level 1 in Dodging
  2672 | D:4      | Found a staircase to the Ecumenical Temple.
  2673 | D:4      | 2673 ||| PLANNING TEMPLE
  2673 | D:4      | 2673 ||| READING scroll labelled RIEFONK WUNGU.
  2674 | D:4      | 2674 ||| READING scroll labelled WEISIY XIOR.
  2674 | D:4      | Identified a scroll of acquirement
  2674 | D:4      | 2674 ||| ACQUIRING +3 broad axe of electrocution
  2674 | D:4      | Acquired a +3 broad axe of electrocution
  2676 | D:4      | 2676 ||| SWAPPING to +3 broad axe of electrocution.
  2677 | D:4      | 2677 ||| DROPPING +1 war axe.
  2678 | D:4      | 2678 ||| READING scroll labelled ZUGECA PEEBRU.
  2783 | Temple   | Entered the Ecumenical Temple
  2796 | Temple   | 2796 ||| PLANNING D:1-11
  2881 | D:4      | Reached skill level 6 in Axes
  2881 | D:4      | Reached XP level 7. HP: 43/43 MP: 7/7
  3072 | D:5      | Entered Level 5 of the Dungeon
  3078 | D:5      | 3078 ||| STAIRDANCE
  3170 | D:5      | 3170 ||| STAIRDANCE
  3295 | D:5      | Reached XP level 8. HP: 24/49 MP: 8/8
  3438 | D:5      | Noticed Blork the orc
  3452 | D:5      | Killed Blork the orc
  3750 | D:5      | Noticed Edmund
  3760 | D:5      | Killed Edmund
  3761 | D:5      | Reached skill level 6 in Fighting
  3980 | D:5      | 3980 ||| UPGRADING to +0 kite shield.
  3990 | D:5      | 3990 ||| DROPPING +0 buckler.
  3991 | D:5      | 3991 ||| DROPPING ring of wizardry.
  3992 | D:5      | 3992 ||| READING scroll labelled ZAIXZE YPT.
  3993 | D:5      | 3993 ||| READING 2 scrolls of identify.
  3993 | D:5      | 3993 ||| IDENTIFYING dark potion
  4052 | D:6      | Reached skill level 4 in Shields
  4055 | D:6      | Reached skill level 5 in Shields
  4055 | D:6      | Reached XP level 9. HP: 17/56 MP: 9/9
  4055 | D:6      | 4055 ||| FLEEEEING.
  4201 | D:6      | 4201 ||| DROPPING +0 flail.
  4375 | D:6      | Reached skill level 6 in Shields
  4654 | D:6      | Found Waoj's Jewellery Shoppe.
  4656 | D:6      | 4656 ||| Stepping ~*~*~tactically~*~*~ (stealth).
  4657 | D:6      | 4657 ||| Stepping ~*~*~tactically~*~*~ (stealth).
  4663 | D:6      | Reached skill level 7 in Shields
  4762 | D:6      | 4762 ||| SHOPLISTING +4 ring of protection (468 gold, have
                  | 174).
  4762 | D:6      | 4762 ||| SHOPLISTING amulet of faith (520 gold, have 174).
  4762 | D:6      | 4762 ||| SHOPLISTING ring of Nutzy {*Slow Fly rPois Int+4
                  | Dex+6} (677 gold, have 174).
  4848 | D:6      | Found a shimmering blue altar of Sif Muna.
  4894 | D:6      | 4894 ||| UPGRADING to +0 chain mail.
  4904 | D:6      | 4904 ||| DROPPING +0 scale mail.
  4905 | D:6      | 4905 ||| UPGRADING to +0 plate armour.
  4915 | D:6      | 4915 ||| DROPPING +0 chain mail.
  4916 | D:6      | 4916 ||| READING 2 scrolls of identify.
  4916 | D:6      | 4916 ||| IDENTIFYING viscous inky potion
  4917 | D:6      | 4917 ||| DROPPING potion of invisibility.
  4950 | D:7      | 4950 ||| Stepping ~*~*~tactically~*~*~ (hiding).
  4951 | D:7      | 4951 ||| Stepping ~*~*~tactically~*~*~ (hiding).
  5122 | D:7      | 5122 ||| Stepping ~*~*~tactically~*~*~ (hiding).
  5127 | D:7      | 5127 ||| Stepping ~*~*~tactically~*~*~ (stealth).
  5228 | D:7      | Found a stormy altar of Qazlal.
  5307 | D:7      | 5307 ||| Stepping ~*~*~tactically~*~*~ (hiding).
  5312 | D:7      | 5312 ||| Stepping ~*~*~tactically~*~*~ (hiding).
  5427 | D:7      | Found a snail-covered altar of Cheibriados.
  5507 | D:7      | Reached skill level 8 in Shields
  5585 | D:7      | 5585 ||| Stepping ~*~*~tactically~*~*~ (hiding).
  5587 | D:7      | 5587 ||| Stepping ~*~*~tactically~*~*~ (hiding).
  5588 | D:7      | 5588 ||| Stepping ~*~*~tactically~*~*~ (hiding).
  5589 | D:7      | 5589 ||| Stepping ~*~*~tactically~*~*~ (hiding).
  5713 | D:7      | 5713 ||| Stepping ~*~*~tactically~*~*~ (stealth).
  5714 | D:7      | 5714 ||| Stepping ~*~*~tactically~*~*~ (stealth).
  5736 | D:7      | Found an iron altar of Okawaru.
  5737 | D:7      | 5737 ||| PLANNING OKAWARU WORSHIP
  5737 | D:7      | 5737 ||| READING scroll labelled KUQOUM LUEZEAVYU.
  5742 | D:7      | Became a worshipper of Warmaster Okawaru
  5742 | D:7      | 5742 ||| PLANNING D:1-11
  5820 | D:7      | Found a sparkling altar of Nemelex Xobeh.
  5820 | D:7      | Found a transporter.
  5820 | D:7      | Noticed a manticore
  5902 | D:7      | Found a runed translucent gate.
  5903 | D:7      | Found a runed translucent gate.
  5905 | D:7      | Found a runed translucent gate.
  5908 | D:7      | Noticed qw's ghost (novice GrFi)
  5936 | D:7      | 5936 ||| Stepping ~*~*~tactically~*~*~ (stealth).
  6107 | D:7      | Reached skill level 9 in Axes
  6127 | D:7      | Noticed a troll
  6131 | D:7      | Killed a troll
  6183 | D:7      | Noticed a cyan ugly thing
  6184 | D:7      | 6184 ||| Stepping ~*~*~tactically~*~*~ (hiding).
  6203 | D:7      | Killed a cyan ugly thing
  6204 | D:7      | Reached XP level 10. HP: 17/64 MP: 10/10
  6205 | D:7      | HP: 14/64 [sky beast (4)]
  6206 | D:7      | 6206 ||| READING 3 scrolls of teleportation.
  6207 | D:7      | 6207 ||| DRINKING potion of heal wounds.
  6208 | D:7      | Reached * piety under Okawaru
  6209 | D:7      | 6209 ||| INVOKING Heroism.
  6437 | D:7      | Reached skill level 1 in Invocations
  6626 | D:8      | Noticed Psyche
  6627 | D:8      | 6627 ||| INVOKING Heroism.
  6635 | D:8      | HP: 11/64 [killer bee (7)]
  6635 | D:8      | HP: 4/64 [killer bee (7)]
  6636 | D:8      | 6636 ||| READING 2 scrolls of teleportation.
  6636 | D:8      | HP: 1/64 [something (3)]
  6638 | D:8      | 6638 ||| FLEEEEING.
  6639 | D:8      | 6639 ||| FLEEEEING.
  6643 | D:8      | 6643 ||| INVOKING Heroism.
  6644 | D:8      | 6644 ||| READING scroll of teleportation.
  6721 | D:8      | 6721 ||| INVOKING Heroism.
  6752 | D:8      | Reached skill level 9 in Shields
  6758 | D:8      | 6758 ||| Stepping ~*~*~tactically~*~*~ (stealth).
  6760 | D:8      | 6760 ||| Stepping ~*~*~tactically~*~*~ (stealth).
  6782 | D:8      | 6782 ||| Stepping ~*~*~tactically~*~*~ (stealth).
  6785 | D:8      | 6785 ||| Stepping ~*~*~tactically~*~*~ (stealth).
  6788 | D:8      | 6788 ||| Stepping ~*~*~tactically~*~*~ (stealth).
  6789 | D:8      | 6789 ||| Stepping ~*~*~tactically~*~*~ (stealth).
  6857 | D:8      | 6857 ||| Stepping ~*~*~tactically~*~*~ (stealth).
  6868 | D:8      | 6868 ||| INVOKING Heroism.
  6876 | D:8      | Killed Psyche
  6965 | D:8      | Found a staircase to the Lair.
  6969 | D:8      | 6969 ||| Stepping ~*~*~tactically~*~*~ (hiding).
  6971 | D:8      | 6971 ||| Stepping ~*~*~tactically~*~*~ (hiding).
  6972 | D:8      | 6972 ||| INVOKING Heroism.
  6981 | D:8      | Reached skill level 3 in Invocations
  7143 | D:8      | 7143 ||| Stepping ~*~*~tactically~*~*~ (stealth).
  7145 | D:8      | 7145 ||| Stepping ~*~*~tactically~*~*~ (stealth).
  7147 | D:8      | 7147 ||| INVOKING Heroism.
  7154 | D:8      | Reached ** piety under Okawaru
  7190 | D:8      | Found a broken altar of Ashenzari.
  7191 | D:8      | 7191 ||| Stepping ~*~*~tactically~*~*~ (hiding).
  7253 | D:8      | Found a white marble altar of Elyvilon.
  7276 | D:8      | 7276 ||| Stepping ~*~*~tactically~*~*~ (hiding).
  7277 | D:8      | 7277 ||| Stepping ~*~*~tactically~*~*~ (hiding).
  7278 | D:8      | 7278 ||| INVOKING Heroism.
  7283 | D:8      | 7283 ||| Stepping ~*~*~tactically~*~*~ (cloud).
  7346 | D:8      | Noticed a cyclops
  7347 | D:8      | 7347 ||| INVOKING Heroism.
  7354 | D:8      | Killed a cyclops
  7355 | D:8      | Reached skill level 6 in Armour
  7528 | D:8      | 7528 ||| PLANNING LAIR
  7528 | D:8      | 7528 ||| UPGRADING to +2 pair of boots of rampaging.
  7533 | D:8      | 7533 ||| READING 2 scrolls of identify.
  7533 | D:8      | 7533 ||| IDENTIFYING golden potion
  7534 | D:8      | 7534 ||| DROPPING potion of brilliance.
  7570 | Lair:1   | Entered Level 1 of the Lair of Beasts
  7574 | Lair:1   | 7574 ||| STAIRDANCE
  7577 | D:8      | 7577 ||| INVOKING Heroism.
  7580 | D:8      | Reached XP level 11. HP: 25/68 MP: 11/14
  7721 | Lair:1   | 7721 ||| INVOKING Heroism.
  7766 | Lair:1   | 7766 ||| Stepping ~*~*~tactically~*~*~ (stealth).
  7799 | Lair:1   | 7799 ||| Stepping ~*~*~tactically~*~*~ (hiding).
  7873 | Lair:1   | 7873 ||| INVOKING Heroism.
  7891 | Lair:1   | Reached *** piety under Okawaru
  8014 | Lair:1   | 8014 ||| INVOKING Heroism.
  8136 | Lair:1   | 8136 ||| INVOKING Heroism.
  8619 | Lair:1   | 8619 ||| READING 2 scrolls of identify.
  8619 | Lair:1   | 8619 ||| IDENTIFYING silvery potion
  8620 | Lair:1   | 8620 ||| DROPPING potion of degeneration.
  8640 | Lair:2   | 8640 ||| INVOKING Heroism.
  8666 | Lair:2   | 8666 ||| Stepping ~*~*~tactically~*~*~ (stealth).
  8670 | Lair:2   | 8670 ||| STAIRDANCE
  8672 | Lair:1   | 8672 ||| INVOKING Heroism.
  8676 | Lair:1   | Reached skill level 10 in Shields
  8710 | Lair:2   | 8710 ||| INVOKING Heroism.
  8722 | Lair:2   | Reached skill level 9 in Fighting
  8789 | Lair:2   | 8789 ||| INVOKING Heroism.
  8790 | Lair:2   | 8790 ||| Stepping ~*~*~tactically~*~*~ (stealth).
  8791 | Lair:2   | 8791 ||| Stepping ~*~*~tactically~*~*~ (stealth).
  8804 | Lair:2   | 8804 ||| Stepping ~*~*~tactically~*~*~ (stealth).
  8805 | Lair:2   | 8805 ||| INVOKING Heroism.
  8807 | Lair:2   | Received a gift from Okawaru
  8832 | Lair:2   | 8832 ||| INVOKING Heroism.
  8851 | Lair:2   | Reached skill level 3 in Throwing
  9056 | Lair:2   | 9056 ||| Stepping ~*~*~tactically~*~*~ (stealth).
  9058 | Lair:2   | 9058 ||| Stepping ~*~*~tactically~*~*~ (stealth).
  9060 | Lair:2   | 9060 ||| Stepping ~*~*~tactically~*~*~ (stealth).
  9066 | Lair:2   | 9066 ||| INVOKING Heroism.
  9084 | Lair:2   | Reached XP level 12. HP: 75/76 MP: 15/15
  9086 | Lair:2   | Reached skill level 12 in Axes
  9096 | Lair:2   | 9096 ||| INVOKING Heroism.
  9100 | Lair:2   | Reached **** piety under Okawaru
  9366 | Lair:2   | 9366 ||| Stepping ~*~*~tactically~*~*~ (stealth).
  9367 | Lair:2   | 9367 ||| Stepping ~*~*~tactically~*~*~ (stealth).
  9492 | Lair:2   | Noticed a death yak
  9493 | Lair:2   | 9493 ||| INVOKING Heroism.
  9495 | Lair:2   | Noticed a death yak
  9496 | Lair:2   | Noticed a death yak
  9503 | Lair:2   | Noticed a death yak
  9508 | Lair:2   | Killed a death yak
  9508 | Lair:2   | Noticed a death yak
  9510 | Lair:2   | Killed a death yak
  9511 | Lair:2   | Reached skill level 6 in Invocations
  9513 | Lair:2   | Killed a death yak
  9513 | Lair:2   | Noticed a death yak
  9520 | Lair:2   | Killed a death yak
  9520 | Lair:2   | Reached ***** piety under Okawaru
  9520 | Lair:2   | Received a gift from Okawaru
  9521 | Lair:2   | 9521 ||| INVOKING Finesse.
  9524 | Lair:2   | Killed a death yak
  9528 | Lair:2   | Killed a death yak
  9822 | Lair:2   | Received a gift from Okawaru
  9877 | Lair:2   | 9877 ||| Stepping ~*~*~tactically~*~*~ (stealth).
  9884 | Lair:2   | 9884 ||| Stepping ~*~*~tactically~*~*~ (stealth).
  9887 | Lair:2   | 9887 ||| Stepping ~*~*~tactically~*~*~ (stealth).
 10226 | Lair:2   | 10226 ||| DRINKING 2 fizzy inky potions.
 10227 | Lair:2   | 10227 ||| READING 3 scrolls of identify.
 10227 | Lair:2   | 10227 ||| IDENTIFYING fuming orange potion
 10228 | Lair:2   | 10228 ||| READING 2 scrolls of identify.
 10228 | Lair:2   | 10228 ||| IDENTIFYING ruby potion
 10229 | Lair:2   | 10229 ||| DROPPING potion of ambrosia.
 10297 | Lair:3   | Found a staircase to the Swamp.
 10299 | Lair:3   | Received a gift from Okawaru
 10304 | Lair:3   | 10304 ||| INVOKING Heroism.
 10366 | Lair:3   | 10366 ||| INVOKING Heroism.
 10454 | Lair:3   | 10454 ||| Stepping ~*~*~tactically~*~*~ (stealth).
 10458 | Lair:3   | 10458 ||| Stepping ~*~*~tactically~*~*~ (stealth).
 10459 | Lair:3   | 10459 ||| Stepping ~*~*~tactically~*~*~ (stealth).
 10460 | Lair:3   | 10460 ||| Stepping ~*~*~tactically~*~*~ (stealth).
 10513 | Lair:3   | Found a staircase to the Snake Pit.
 10694 | Lair:3   | 10694 ||| INVOKING Heroism.
 10707 | Lair:3   | Reached XP level 13. HP: 77/82 MP: 17/19
 10769 | Lair:3   | 10769 ||| INVOKING Heroism.
 10774 | Lair:3   | 10774 ||| SWAPPING to +1 flail of protection.
 10783 | Lair:3   | 10783 ||| SWAPPING to +3 broad axe of electrocution.
 11200 | Lair:3   | 11200 ||| UPGRADING to +0 pair of gloves.
 11397 | Lair:3   | 11397 ||| READING scroll labelled HECICKY ZITYSO.
 11398 | Lair:3   | 11398 ||| READING scroll labelled ESHON OZXEC.
 11432 | Lair:4   | Reached skill level 9 in Invocations
 11528 | Lair:4   | Found the ring of the Octopus King
 11535 | Lair:4   | Identified a ring of the Octopus King {Fly HP+2 AC+2 EV+2
                  | SH+2}
 11823 | Lair:4   | 11823 ||| Stepping ~*~*~tactically~*~*~ (stealth).
 11824 | Lair:4   | 11824 ||| Stepping ~*~*~tactically~*~*~ (stealth).
 12494 | Lair:4   | 12494 ||| DROPPING amulet of magic regeneration.
 12495 | Lair:4   | 12495 ||| UPGRADING to ring of the Octopus King {Fly HP+2
                  | AC+2 EV+2 SH+2}.
 12501 | Lair:4   | 12501 ||| READING scroll labelled SIACZILISYU.
 12536 | Lair:5   | Entered Level 5 of the Lair of Beasts
 12556 | Lair:5   | Found a staircase to the Slime Pits.
 12632 | Lair:5   | 12632 ||| INVOKING Heroism.
 12658 | Lair:5   | Reached skill level 9 in Armour
 12676 | Lair:5   | 12676 ||| INVOKING Heroism.
 12762 | Lair:5   | 12762 ||| INVOKING Heroism.
 12903 | Lair:5   | 12903 ||| INVOKING Heroism.
 13033 | Lair:5   | 13033 ||| INVOKING Heroism.
 13035 | Lair:5   | 13035 ||| SWAPPING to +1 flail of protection.
 13043 | Lair:5   | Received a gift from Okawaru
 13044 | Lair:5   | 13044 ||| SWAPPING to +3 broad axe of electrocution.
 13122 | Lair:5   | 13122 ||| Stepping ~*~*~tactically~*~*~ (hiding).
 13123 | Lair:5   | 13123 ||| INVOKING Heroism.
 13129 | Lair:5   | 13129 ||| Stepping ~*~*~tactically~*~*~ (cloud).
 13130 | Lair:5   | 13130 ||| Stepping ~*~*~tactically~*~*~ (cloud).
 13135 | Lair:5   | 13135 ||| Stepping ~*~*~tactically~*~*~ (stealth).
 13151 | Lair:5   | Reached skill level 11 in Shields
 13163 | Lair:5   | 13163 ||| Stepping ~*~*~tactically~*~*~ (stealth).
 13177 | Lair:5   | 13177 ||| Stepping ~*~*~tactically~*~*~ (cloud).
 13213 | Lair:5   | 13213 ||| Stepping ~*~*~tactically~*~*~ (stealth).
 13216 | Lair:5   | 13216 ||| INVOKING Heroism.
 13218 | Lair:5   | 13218 ||| Stepping ~*~*~tactically~*~*~ (cloud).
 13227 | Lair:5   | 13227 ||| Stepping ~*~*~tactically~*~*~ (cloud).
 13228 | Lair:5   | 13228 ||| PLANNING LAIR
 13229 | Lair:5   | 13229 ||| Stepping ~*~*~tactically~*~*~ (hiding).
 13243 | Lair:5   | 13243 ||| Stepping ~*~*~tactically~*~*~ (hiding).
 13245 | Lair:5   | Noticed a fire dragon
 13258 | Lair:5   | Killed a fire dragon
 13440 | Lair:5   | 13440 ||| INVOKING Heroism.
 13604 | Lair:5   | 13604 ||| Stepping ~*~*~tactically~*~*~ (stealth).
 13607 | Lair:5   | 13607 ||| Stepping ~*~*~tactically~*~*~ (stealth).
 13609 | Lair:5   | 13609 ||| Stepping ~*~*~tactically~*~*~ (stealth).
 13613 | Lair:5   | 13613 ||| Stepping ~*~*~tactically~*~*~ (stealth).
 13746 | Lair:5   | 13746 ||| FLEEEEING.
 13747 | Lair:5   | 13747 ||| FLEEEEING.
 13748 | Lair:5   | 13748 ||| FLEEEEING.
 13749 | Lair:5   | 13749 ||| STAIRDANCE
 13751 | Lair:4   | 13751 ||| READING scroll labelled RYASMYULIU.
 13754 | Lair:5   | 13754 ||| STAIRDANCE
 13758 | Lair:5   | 13758 ||| STAIRDANCE
 13760 | Lair:4   | 13760 ||| INVOKING Heroism.
 14069 | Lair:5   | 14069 ||| PLANNING D:1-11
 14231 | D:9      | 14231 ||| Stepping ~*~*~tactically~*~*~ (stealth).
 14245 | D:9      | Found Seps's Lightly-Used Armoury.
 14257 | D:9      | 14257 ||| BUYING -1 demon whip (130 gold).
 14257 | D:9      | Bought a -1 demon whip for 130 gold pieces
 14257 | D:9      | 14257 ||| SHOPLISTING -1 pearl dragon scales (1235 gold,
                  | have 529).
 14257 | D:9      | 14257 ||| SHOPLISTING -2 pearl dragon scales (1170 gold,
                  | have 529).
 14295 | D:9      | Found Tunamuwuq's Armour Shop.
 14299 | D:9      | Found Uradat's Distillery.
 14300 | D:9      | 14300 ||| FLEEEEING.
 14301 | D:9      | 14301 ||| FLEEEEING.
 14302 | D:9      | 14302 ||| FLEEEEING.
 14303 | D:9      | 14303 ||| FLEEEEING.
 14305 | D:9      | 14305 ||| FLEEEEING.
 14306 | D:9      | 14306 ||| STAIRDANCE
 14373 | D:9      | 14373 ||| BUYING +0 tower shield (49 gold).
 14373 | D:9      | Bought a +0 tower shield for 49 gold pieces
 14373 | D:9      | 14373 ||| BUYING +1 hat (121 gold).
 14373 | D:9      | Bought a +1 hat for 121 gold pieces
 14373 | D:9      | 14373 ||| BUYING +2 scale mail of fire resistance (231
                  | gold).
 14373 | D:9      | Bought a +2 scale mail of fire resistance for 231 gold
                  | pieces
 14377 | D:9      | 14377 ||| BUYING potion of curing (39 gold).
 14377 | D:9      | Bought a potion of curing for 39 gold pieces
 14377 | D:9      | 14377 ||| BUYING potion of curing (39 gold).
 14377 | D:9      | Bought a potion of curing for 39 gold pieces
 14377 | D:9      | 14377 ||| BUYING potion of curing (39 gold).
 14377 | D:9      | Bought a potion of curing for 39 gold pieces
 14377 | D:9      | 14377 ||| SHOPLISTING potion of heal wounds (65 gold, have
                  | 23).
 14377 | D:9      | 14377 ||| SHOPLISTING potion of lignification (39 gold,
                  | have 23).
 14391 | D:9      | 14391 ||| Stepping ~*~*~tactically~*~*~ (hiding).
 14392 | D:9      | 14392 ||| Stepping ~*~*~tactically~*~*~ (hiding).
 14396 | D:9      | 14396 ||| INVOKING Heroism.
 14398 | D:9      | 14398 ||| Stepping ~*~*~tactically~*~*~ (hiding).
 14415 | D:9      | Found Qeusor's Weapon Boutique.
 14731 | D:9      | Found Utogisy's Assorted Antiques.
 14740 | D:9      | 14740 ||| SHOPLISTING potion of heal wounds (130 gold, have
                  | 23).
 14740 | D:9      | 14740 ||| SHOPLISTING scroll of identify (52 gold, have
                  | 23).
 14745 | D:9      | Found Pinle Powe's General Store.
 14746 | D:9      | 14746 ||| Stepping ~*~*~tactically~*~*~ (hiding).
 14750 | D:9      | 14750 ||| INVOKING Heroism.
 14756 | D:9      | 14756 ||| Stepping ~*~*~tactically~*~*~ (cloud).
 14771 | D:9      | 14771 ||| SHOPLISTING scroll of identify (28 gold, have
                  | 23).
 14807 | D:9      | Found a staircase to the Orcish Mines.
 14839 | D:9      | 14839 ||| INVOKING Heroism.
 14853 | D:9      | Gained mutation: Your large and strong wings let you fly.
                  | [Gargoyle growth]
 14853 | D:9      | Reached XP level 14. HP: 29/88 MP: 21/21
 15030 | D:9      | 15030 ||| UPGRADING to +0 tower shield.
 15040 | D:9      | 15040 ||| DROPPING +0 kite shield.
 15041 | D:9      | 15041 ||| UPGRADING to +1 hat.
 15072 | D:10     | Entered Level 10 of the Dungeon
 15073 | D:10     | 15073 ||| Stepping ~*~*~tactically~*~*~ (hiding).
 15249 | D:10     | 15249 ||| Stepping ~*~*~tactically~*~*~ (stealth).
 15259 | D:10     | Received a gift from Okawaru
 15437 | D:10     | Found an ornate altar of the Wu Jian Council.
 15439 | D:10     | Found a bloodstained altar of Trog.
 16105 | D:11     | Reached skill level 12 in Shields
 16282 | D:11     | 16282 ||| FLEEEEING.
 16283 | D:11     | 16283 ||| FLEEEEING.
 16284 | D:11     | 16284 ||| FLEEEEING.
 16286 | D:11     | 16286 ||| FLEEEEING.
 16287 | D:11     | 16287 ||| FLEEEEING.
 16288 | D:11     | 16288 ||| FLEEEEING.
 16289 | D:11     | 16289 ||| FLEEEEING.
 16290 | D:11     | 16290 ||| FLEEEEING.
 16291 | D:11     | 16291 ||| FLEEEEING.
 16293 | D:11     | 16293 ||| FLEEEEING.
 16294 | D:11     | 16294 ||| FLEEEEING.
 16295 | D:11     | 16295 ||| FLEEEEING.
 16297 | D:11     | 16297 ||| FLEEEEING.
 16298 | D:11     | 16298 ||| FLEEEEING.
 16299 | D:11     | 16299 ||| FLEEEEING.
 16300 | D:11     | 16300 ||| FLEEEEING.
 16301 | D:11     | 16301 ||| FLEEEEING.
 16302 | D:11     | 16302 ||| FLEEEEING.
 16303 | D:11     | 16303 ||| FLEEEEING.
 16304 | D:11     | 16304 ||| FLEEEEING.
 16305 | D:11     | 16305 ||| FLEEEEING.
 16306 | D:11     | 16306 ||| DRINKING 8 potions of curing.
 16306 | D:11     | 16306 ||| (to cure confusion)
 16307 | D:11     | 16307 ||| FLEEEEING.
 16308 | D:11     | 16308 ||| FLEEEEING.
 16309 | D:11     | 16309 ||| FLEEEEING.
 16310 | D:11     | 16310 ||| FLEEEEING.
 16311 | D:11     | 16311 ||| FLEEEEING.
 16312 | D:11     | 16312 ||| FLEEEEING.
 16313 | D:11     | 16313 ||| FLEEEEING.
 16314 | D:11     | 16314 ||| FLEEEEING.
 16316 | D:11     | 16316 ||| DRINKING 7 potions of curing.
 16316 | D:11     | 16316 ||| (to cure confusion)
 16566 | D:11     | 16566 ||| PLANNING D
 16566 | D:11     | 16566 ||| UPGRADING to +0 helmet.
 16576 | D:11     | 16576 ||| DROPPING +1 hat.
 16577 | D:11     | 16577 ||| DROPPING ring of positive energy.
 16578 | D:11     | 16578 ||| UPGRADING to +4 ring of protection.
 16619 | D:12     | 16619 ||| Stepping ~*~*~tactically~*~*~ (hiding).
 16633 | D:12     | 16633 ||| INVOKING Heroism.
 16634 | D:12     | 16634 ||| INVOKING Finesse.
 16691 | D:12     | 16691 ||| Stepping ~*~*~tactically~*~*~ (stealth).
 16694 | D:12     | 16694 ||| INVOKING Heroism.
 16720 | D:12     | 16720 ||| Stepping ~*~*~tactically~*~*~ (stealth).
 16722 | D:12     | 16722 ||| Stepping ~*~*~tactically~*~*~ (stealth).
 16782 | D:12     | 16782 ||| Stepping ~*~*~tactically~*~*~ (stealth).
 16784 | D:12     | 16784 ||| Stepping ~*~*~tactically~*~*~ (hiding).
 16786 | D:12     | 16786 ||| Stepping ~*~*~tactically~*~*~ (hiding).
 16787 | D:12     | 16787 ||| Stepping ~*~*~tactically~*~*~ (hiding).
 16789 | D:12     | 16789 ||| Stepping ~*~*~tactically~*~*~ (hiding).
 16791 | D:12     | 16791 ||| INVOKING Heroism.
 16804 | D:12     | Reached skill level 13 in Shields
 16806 | D:12     | 16806 ||| Stepping ~*~*~tactically~*~*~ (hiding).
 16808 | D:12     | 16808 ||| Stepping ~*~*~tactically~*~*~ (hiding).
 16884 | D:12     | Reached skill level 14 in Shields
 16891 | D:12     | 16891 ||| INVOKING Heroism.
 16916 | D:12     | 16916 ||| Stepping ~*~*~tactically~*~*~ (stealth).
 16917 | D:12     | 16917 ||| Stepping ~*~*~tactically~*~*~ (stealth).
 17019 | D:12     | 17019 ||| Stepping ~*~*~tactically~*~*~ (hiding).
 17020 | D:12     | 17020 ||| Stepping ~*~*~tactically~*~*~ (hiding).
 17035 | D:12     | 17035 ||| FLEEEEING.
 17036 | D:12     | 17036 ||| FLEEEEING.
 17037 | D:12     | 17037 ||| FLEEEEING.
 17039 | D:12     | 17039 ||| FLEEEEING.
 17040 | D:12     | 17040 ||| FLEEEEING.
 17041 | D:12     | 17041 ||| FLEEEEING.
 17042 | D:12     | 17042 ||| FLEEEEING.
 17043 | D:12     | 17043 ||| FLEEEEING.
 17044 | D:12     | 17044 ||| FLEEEEING.
 17045 | D:12     | 17045 ||| FLEEEEING.
 17046 | D:12     | 17046 ||| FLEEEEING.
 17047 | D:12     | 17047 ||| FLEEEEING.
 17050 | D:12     | 17050 ||| INVOKING Heroism.
 17357 | D:12     | 17357 ||| Stepping ~*~*~tactically~*~*~ (stealth).
 17412 | D:12     | 17412 ||| Stepping ~*~*~tactically~*~*~ (hiding).
 17532 | D:12     | 17532 ||| INVOKING Heroism.
 17567 | D:12     | 17567 ||| Stepping ~*~*~tactically~*~*~ (hiding).
 17576 | D:12     | 17576 ||| INVOKING Heroism.
 17756 | D:12     | 17756 ||| Stepping ~*~*~tactically~*~*~ (stealth).
 17758 | D:12     | 17758 ||| Stepping ~*~*~tactically~*~*~ (stealth).
 17768 | D:12     | Received a gift from Okawaru
 17892 | D:12     | Reached skill level 15 in Shields
 18033 | D:12     | 18033 ||| INVOKING Heroism.
 18189 | D:12     | 18189 ||| FLEEEEING.
 18190 | D:12     | 18190 ||| FLEEEEING.
 18191 | D:12     | 18191 ||| FLEEEEING.
 18205 | D:12     | 18205 ||| FLEEEEING.
 18206 | D:12     | 18206 ||| FLEEEEING.
 18220 | D:12     | 18220 ||| FLEEEEING.
 18240 | D:12     | 18240 ||| Stepping ~*~*~tactically~*~*~ (hiding).
 18317 | D:12     | 18317 ||| READING 4 scrolls of identify.
 18317 | D:12     | 18317 ||| IDENTIFYING lumpy green potion
 18420 | D:13     | 18420 ||| Stepping randomly (disturbance).
 18795 | D:13     | 18795 ||| INVOKING Heroism.
 18796 | D:13     | 18796 ||| INVOKING Finesse.
 18905 | D:13     | 18905 ||| INVOKING Heroism.
 18906 | D:13     | 18906 ||| INVOKING Finesse.
 18991 | D:13     | 18991 ||| READING scroll of enchant weapon.
 18991 | D:13     | 18991 ||| ENCHANTING +3 broad axe of electrocution.
 19579 | D:14     | Noticed Agnes
 19580 | D:14     | 19580 ||| INVOKING Heroism.
 19588 | D:14     | Killed Agnes
 19589 | D:14     | Reached XP level 15. HP: 70/93 MP: 20/22
 19822 | D:14     | Found Yrhiamot's Armour Boutique.
 19830 | D:14     | 19830 ||| BUYING +2 cloak of willpower (236 gold).
 19830 | D:14     | Bought a +2 cloak of willpower for 236 gold pieces
 19830 | D:14     | 19830 ||| SHOPLISTING +3 pair of gauntlets of War {Slay+5}
                  | (522 gold, have 166).
 19830 | D:14     | 19830 ||| SHOPLISTING +8 chain mail "Lej Kizu" {rF+ Dex+2}
                  | (689 gold, have 166).
 19889 | D:14     | 19889 ||| Stepping ~*~*~tactically~*~*~ (hiding).
 19890 | D:14     | 19890 ||| Stepping ~*~*~tactically~*~*~ (hiding).
 19910 | D:14     | 19910 ||| INVOKING Heroism.
 19920 | D:14     | 19920 ||| DRINKING 6 potions of curing.
 19920 | D:14     | 19920 ||| (to cure confusion)
 19929 | D:14     | 19929 ||| Stepping ~*~*~tactically~*~*~ (hiding).
 19930 | D:14     | 19930 ||| INVOKING Finesse.
 19935 | D:14     | Reached skill level 16 in Shields
 19942 | D:14     | 19942 ||| DRINKING 5 potions of curing.
 19942 | D:14     | 19942 ||| (to cure confusion)
 19944 | D:14     | Received a gift from Okawaru
 19946 | D:14     | 19946 ||| Stepping ~*~*~tactically~*~*~ (stealth).
 20096 | D:14     | 20096 ||| Stepping ~*~*~tactically~*~*~ (stealth).
 20575 | D:14     | Found a gate to the Vaults.
 20735 | D:14     | 20735 ||| UPGRADING to +2 cloak of willpower.
 20740 | D:14     | 20740 ||| DROPPING +1 cloak.
 20784 | D:15     | Entered Level 15 of the Dungeon
 20798 | D:15     | Found a hide-covered altar of Uskayaw.
 20801 | D:15     | 20801 ||| Stepping ~*~*~tactically~*~*~ (stealth).
 20806 | D:15     | 20806 ||| Stepping ~*~*~tactically~*~*~ (stealth).
 20847 | D:15     | 20847 ||| Stepping ~*~*~tactically~*~*~ (stealth).
 20849 | D:15     | 20849 ||| Stepping ~*~*~tactically~*~*~ (stealth).
 20851 | D:15     | 20851 ||| Stepping ~*~*~tactically~*~*~ (stealth).
 20853 | D:15     | 20853 ||| INVOKING Heroism.
 20864 | D:15     | Noticed Louise
 20865 | D:15     | 20865 ||| INVOKING Finesse.
 20891 | D:15     | Killed Louise
 21108 | D:15     | 21108 ||| INVOKING Heroism.
 21367 | D:15     | 21367 ||| Stepping ~*~*~tactically~*~*~ (hiding).
 21398 | D:15     | 21398 ||| INVOKING Heroism.
 21463 | D:15     | 21463 ||| INVOKING Heroism.
 21482 | D:15     | Paralysed by something for 5 turns
 21780 | D:15     | 21780 ||| Stepping ~*~*~tactically~*~*~ (hiding).
 21781 | D:15     | 21781 ||| Stepping ~*~*~tactically~*~*~ (hiding).
 21782 | D:15     | 21782 ||| Stepping ~*~*~tactically~*~*~ (hiding).
 21822 | D:15     | Found a staircase to the Depths.
 21822 | D:15     | Noticed a frost giant
 21823 | D:15     | 21823 ||| INVOKING Heroism.
 21828 | D:15     | HP: 17/96 [frost giant/+2 battleaxe of freezing (19)]
 21829 | D:15     | 21829 ||| READING 12 scrolls of teleportation.
 21829 | D:15     | Killed from afar by a frost giant

Levels and vault maps discovered:
D:1:      lemuel_arrival_muddy, layout_basic, serial_shops, shop
D:2:      layout_basic, basic_altar, nicolae_ecumenical_snake_handling,
          grunt_decor_arrowhead
D:3:      layout_basic, old_standard_altar, serial_shops,
          nicolae_shop_tiny_statue_garden
D:4:      layout_basic, minmay_temple_entry_junction_2, nicolae_shop_gadgets
D:5:      layout_rooms, uniq_blork_the_orc, uniq_edmund
D:6:      layout_basic, mainiacjoe_overflow_surrounded_room,
          kennysheep_small_square
D:7:      layout_gridville, kennysheep_mini, grunt_nemelex_the_gamble,
          grunt_qazlal_sundering, kennysheep_slug_shrine, gammafunk_ghost_split,
          minmay_manual_mullet
D:8:      layout_cave_pools, mainiacjoe_overflow_two_lobes,
          hellmonk_lair_entry_icy, nicolae_the_louvre, uniq_psyche
D:9:      layout_rooms, kennysheep_orc_monster_closet_entryway, serial_shops,
          shop, shop, shop, shop, nicolae_stop_n_shop_2, minmay_shop_damaged,
          minivault_25, grunt_ministairs_11
D:10:     layout_loops_ring, minitemple, hangedman_decor_diamond_cutter,
          minmay_strange_pillars
D:11:     layout_long_grid, kb_lookout_dungeons_type
D:12:     minmay_the_grid_4x2 [minmay_the_grid_minigrid_small,
          minmay_the_grid_large_cup, minmay_the_grid_small_cups,
          minmay_the_grid_minigrid_small_alt, minmay_the_grid_pillar_ring,
          minmay_the_grid_square_x, minmay_the_grid_tree,
          minmay_the_grid_prize_big_room], layout_grid_maze,
          hangedman_decor_points
D:13:     layout_basic, serial_co_window_serial, co_window_of_opportunity_a,
          co_window_corner_a, co_window_paths_a, co_window_paths_b,
          co_window_corner_a, co_window_paths_b, co_window_of_opportunity_a,
          co_window_broadway_b, co_window_unsneaky_path_a,
          co_window_unsneaky_path_d, co_window_4corner_b, glass_columns_a,
          glass_columns_b, glass_columns_b
D:14:     layout_basic, hangedman_vaults_entry_quadrant_bands, serial_shops,
          shop_statue, minmay_misc_feat_secret_circle, uniq_agnes
D:15:     grunt_enter_depths_snipers, layout_irregular_city,
          nicolae_uskayaw_murder_on_the_dancefloor, uniq_louise
Temple:   hellmonk_temple_two_chambers
Lair:1:   layout_cave_pods, grunt_forest_large_clearings, serial_bayou_shore_a,
          grunt_megastairs_1
Lair:2:   layout_layer_cave, beast_lair_carwin_1, grunt_megastairs_3,
          infiniplex_staircase_pool, lemuel_fruit_fields, serial_bayou_shore_b
Lair:3:   layout_gridlike, minmay_swamp_entry_eels, dummy_snake_entry,
          chequers_serial_rivers_room_b
Lair:4:   layout_layer_cave
Lair:5:   guppyfry_lair_end_dragon, layout_cave_pods, dpeg_slime_entry_corner,
          dreamdust_mushroom_princess

Skill      XL: |  1  2  3  4  5  6  7  8  9 10 11 12 13 14 15 |
---------------+----------------------------------------------+-----
Axes           | 2 3 5 6 7 8 9 10 11 12 14 | 14.9
Fighting       | 4 5 6 7 8 9 10 11 | 11.0
Dodging        | 1 2 |  2.0
Throwing       | 2 3 4 |  4.3
Shields        | 5 8 9 10 11 15 16 | 16.0
Armour         | 5 6 7 8 9 10 11 | 11.0
Invocations    | 4 8 10 | 10.0

Action                     |  1- 3 |  4- 6 |  7- 9 | 10-12 | 13-15 || total
---------------------------+-------+-------+-------+-------+-------++-------
  Melee: War axe           |   113 |    73 |       |       |       ||   186
         Broad axe         |       |    19 |   197 |   472 |   924 ||  1612
         Flail             |       |       |       |       |    16 ||    16
  Throw: Javelin           |       |       |       |       |    68 ||    68
         Boomerang         |       |       |       |       |    31 ||    31
 Invoke: Heroism           |       |       |       |    26 |    30 ||    56
         Finesse           |       |       |       |     1 |     5 ||     6
    Use: Scroll            |     5 |     4 |     4 |     7 |     7 ||    27
         Potion            |     1 |     1 |       |     2 |     4 ||     8
 Armour: Scale mail        |    57 |    32 |    70 |       |       ||   159
         Plate armour      |       |       |    49 |   227 |   507 ||   783
  Dodge: Dodged            |    45 |    42 |    77 |   108 |   241 ||   513
  Block: Buckler           |    15 |    19 |    19 |       |       ||    53
         Kite shield       |       |       |    71 |   235 |   213 ||   519
         Tower shield      |       |       |       |       |   561 ||   561

Table legend:
 A = Non-vault XP
 B = Vault XP
 C = Vault XP percentage of total XP
 D = Non-vault monster count
 E = Vault monster count
 F = Vault count percentage of total count
                 A         B        C        D         E       F
            +---------+---------+-------+---------+---------+-------
      Total |   71315 |   40581 |  36.3 |     401 |     156 |  28.0
            +---------+---------+-------+---------+---------+-------
        D:1 |      22 |       0 |   0.0 |      13 |       0 |   0.0
        D:2 |      35 |      15 |  30.0 |      12 |       2 |  14.3
        D:3 |      25 |       0 |   0.0 |      11 |       0 |   0.0
        D:4 |     776 |       0 |   0.0 |      30 |       0 |   0.0
        D:5 |     934 |     253 |  21.3 |      15 |       2 |  11.8
        D:6 |     998 |     118 |  10.6 |      17 |       3 |  15.0
        D:7 |    1247 |    1280 |  50.7 |      25 |      10 |  28.6
        D:8 |    2394 |    1710 |  41.7 |      24 |       8 |  25.0
        D:9 |    3117 |    2233 |  41.7 |      29 |      25 |  46.3
       D:10 |    2458 |       0 |   0.0 |      19 |       0 |   0.0
       D:11 |    1383 |     110 |   7.4 |      17 |       1 |   5.6
       D:12 |    6465 |   14847 |  69.7 |      16 |      34 |  68.0
       D:13 |    5117 |       0 |   0.0 |      17 |       0 |   0.0
       D:14 |    4758 |    7529 |  61.3 |      19 |      19 |  50.0
       D:15 |   12861 |    1946 |  13.1 |      28 |       2 |   6.7
     Lair:1 |    1472 |    1554 |  51.4 |       7 |       7 |  50.0
     Lair:2 |   12672 |    4202 |  24.9 |      44 |      20 |  31.2
     Lair:3 |    3601 |     319 |   8.1 |      19 |       6 |  24.0
     Lair:4 |    3448 |       0 |   0.0 |      15 |       0 |   0.0
     Lair:5 |    7532 |    4465 |  37.2 |      24 |      17 |  41.5
            +---------+---------+-------+---------+---------+-------
